 Dungeon Crawl Stone Soup version 0.31-a0-819-gf6de2f5ab6 (webtiles) character file.

Game seed: 7173829474624596424

377 qw the Shooter (level 6, -2/38 HPs)
             Began as a Gargoyle Hunter on Sept 23, 2023.
             Slain by a gnoll bouda
             ... wielding a +0 whip
              (10 damage)
             ... on level 5 of the Dungeon.
             The game lasted 00:01:23 (3476 turns).

qw the Shooter (Gargoyle Hunter)                    Turns: 3476, Time: 00:01:23

Health: -2/38      AC: 10    Str: 15    XL:     6   Next: 73%
Magic:  6/6        EV: 11    Int:  9    God:
Gold:   195        SH:  0    Dex: 15    Spells: 5/5 levels left

rFire   . . .        Y - +0 shortbow
rCold   . . .        (shield currently unavailable)
rNeg    + + .        a - +0 ring mail
rPois   inf          (no helmet)
rElec   +            f - +0 cloak
rCorr   .            (no gloves)
SInv    .            (no boots)
Will    .....        (no amulet)
Stlth   +            d - ring of positive energy
HPRegen 0.26/turn    (no ring)
MPRegen 0.10/turn

%: no passive effects
@: weakened
A: sickness immunity, AC +4, negative energy resistance 1, electricity
resistance, torment resistance 1, petrification resistance
a: no special abilities


You were on level 5 of the Dungeon.
You visited 1 branch of the dungeon, and saw 5 of its levels.

You collected 195 gold pieces.


Innate Abilities, Weirdness & Mutations

You are immune to sickness and miasma.
Your stone body is resilient. (AC +4)
You are immune to poison.
You resist negative energy. (rN+)
You are resistant to electric shocks. (rElec)
You are resistant to unholy torment.
You are immune to petrification.


   Skills:
 - Level 4.0 Fighting
 + Level 7.0 Ranged Weapons
 - Level 1.1 Armour
 - Level 1.5 Dodging
 - Level 1.1 Stealth


You had 5 spell levels left.
You didn't know any spells.
Your spell library was empty.

Inventory:

Hand Weapons
 Y - a +0 shortbow (weapon)
Armour
 a - a +0 ring mail (worn)
 f - a +0 cloak (worn)
Jewellery
 d - a ring of positive energy (left hand)
Scrolls
 b - a scroll of summoning {unknown}
 c - 4 scrolls of identify
Potions
 h - a potion of mutation

Dungeon Overview and Level Annotations

Branches:
Dungeon (5/15)
 Temple: D:4-7

Altars:
Ru

Shops:
D:1 :

Annotations:
D:2 Natasha


Message History

The gnoll hits you but does no damage.
The gnoll bouda hits you with a +0 whip!
You shoot an arrow. The arrow hits the gnoll bouda.
The gnoll bouda is severely wounded.
The gnoll is no longer moving quickly.
The gnoll hits you from afar with a +0 halberd.
The gnoll bouda calls upon its god to heal the gnoll.
The gnoll's wounds heal themselves!
You hear a shout!
You shoot an arrow.
The arrow completely misses the gnoll bouda.
You hear a shout!
The gnoll closely misses you.
The gnoll bouda gazes fiercely through you!
You feel your attacks grow feeble. The gnoll bouda closely misses you.
You hear a shout!
You shoot an arrow.
The arrow hits the gnoll bouda but does no damage.
The gnoll bouda is severely wounded.
You hear a shout!
The gnoll barely misses you.
The gnoll bouda barks out a call to the hunt!
The gnoll picks up the pace!
You shoot an arrow.
The arrow hits the gnoll bouda but does no damage.
The gnoll bouda is severely wounded.
The gnoll misses you.
The gnoll bouda mumbles some strange prayers to its god.
The gnoll bouda is healed somewhat.
You shoot an arrow.
The arrow hits the gnoll bouda but does no damage.
The gnoll bouda is heavily wounded.
The gnoll hits you but does no damage. The gnoll bouda barely misses you.
The gnoll hits you from afar with a +0 halberd.
You shoot an arrow.
The arrow hits the gnoll bouda but does no damage.
The gnoll bouda is heavily wounded.
The gnoll bouda hits you with a +0 whip!
You die...

######..######
#..# #..# #..#
#..# #..# #..#
########..#
.......@g.#
.########g# .#
g# g# g. .# ..


You could see a gnoll bouda and a gnoll (swift).

Vanquished Creatures
  A centaur (D:5)
  A scorpion (D:5)
  An iguana (D:5)
  Jessica (D:2)
  An orc wizard (D:4)
  Natasha (D:2)
  4 adders
  A worm (D:2)
  4 dart slugs
  10 orcs
  6 bats
  7 endoplasms
  4 giant cockroaches
  6 hobgoblins
  4 jackals (D:2)
  6 kobolds
  2 quokkas
  10 ball pythons
  2 frilled lizards
  7 goblins
  3 rats
82 creatures vanquished.

Notes
Turn   | Place    | Note
-------+----------+-------------------------------------------
     0 | D:1      | qw the Gargoyle Hunter began the quest for the Orb.
     0 | D:1      | Reached XP level 1. HP: 12/12 MP: 1/1
     0 | D:1      | 0 ||| qw: Version: 0.3-a-83-gcd0e7d8
     0 | D:1      | 0 ||| qw: Game counter: 1701
     0 | D:1      | 0 ||| qw: Melee chars always use a shield: true
     0 | D:1      | 0 ||| qw: God list: Okawaru
     0 | D:1      | 0 ||| qw: Allow faded altars: false
     0 | D:1      | 0 ||| qw: Do Orc after clearing Dungeon:15 true
     0 | D:1      | 0 ||| qw: Do second Lair branch before Depths: true
     0 | D:1      | 0 ||| qw: Lair rune preference: random
     0 | D:1      | 0 ||| qw: Goals: Normal
     0 | D:1      | 0 ||| PLANNING D:1-11
   198 | D:1      | Reached XP level 2. HP: 17/17 MP: 2/2
   475 | D:1      | Found Pofydoeph's Book Emporium.
   552 | D:1      | Reached XP level 3. HP: 21/21 MP: 3/3
   751 | D:1      | 751 ||| DROPPING scarf of shadows.
   752 | D:1      | 752 ||| READING scroll labelled BIATTA WIEPE.
   753 | D:1      | 753 ||| READING scroll labelled RUQECAYQYK.
   756 | D:1      | 756 ||| READING scroll labelled QINUNA PUMOUC.
   757 | D:1      | 757 ||| DROPPING scroll of butterflies.
   800 | D:2      | 800 ||| STAIRDANCE
   813 | D:2      | You fall into a shaft and drop 1 floor!
   859 | D:3      | Reached skill level 5 in Ranged Weapons
   988 | D:3      | 988 ||| UPGRADING to +0 ring mail.
   998 | D:3      | 998 ||| DROPPING +0 leather armour.
   999 | D:3      | 999 ||| UPGRADING to ring of positive energy.
  1114 | D:2      | Noticed Jessica
  1145 | D:2      | Reached skill level 1 in Armour
  1244 | D:2      | Reached XP level 4. HP: 18/27 MP: 4/4
  1248 | D:2      | Reached skill level 3 in Fighting
  1459 | D:2      | Killed Jessica
  1685 | D:2      | 1685 ||| FLEEEEING.
  1686 | D:2      | 1686 ||| FLEEEEING.
  1687 | D:2      | 1687 ||| FLEEEEING.
  1688 | D:2      | 1688 ||| FLEEEEING.
  1689 | D:2      | 1689 ||| FLEEEEING.
  1695 | D:2      | 1695 ||| FLEEEEING.
  1696 | D:2      | 1696 ||| FLEEEEING.
  1697 | D:2      | 1697 ||| FLEEEEING.
  1763 | D:2      | Noticed Natasha
  1768 | D:2      | 1768 ||| Stepping ~*~*~tactically~*~*~ (retreating).
  1771 | D:2      | Killed Natasha
  1772 | D:2      | Reached XP level 5. HP: 28/32 MP: 5/5
  1794 | D:2      | 1794 ||| READING scroll labelled SEALOL PEKK.
  1795 | D:2      | 1795 ||| READING scroll labelled SUXKEGA RONA.
  1796 | D:2      | 1796 ||| READING 4 scrolls of identify.
  1796 | D:2      | 1796 ||| IDENTIFYING puce potion
  1797 | D:2      | 1797 ||| READING 3 scrolls of identify.
  1797 | D:2      | 1797 ||| IDENTIFYING white potion
  1798 | D:2      | 1798 ||| DROPPING potion of attraction.
  1865 | D:2      | Noticed Natasha
  2447 | D:3      | 2447 ||| UPGRADING to +0 cloak.
  2452 | D:3      | 2452 ||| READING scroll labelled ENEHAQ VAUTRIKAF.
  2453 | D:3      | 2453 ||| READING scroll labelled XUOBRE UREC.
  2568 | D:4      | Reached skill level 6 in Ranged Weapons
  2641 | D:4      | HP: 8/32 [something (2)]
  2642 | D:4      | 2642 ||| READING scroll of teleportation.
  2644 | D:4      | HP: 3/32 [something/magic dart (3)]
  2961 | D:4      | Found a sacrificial altar of Ru.
  3111 | D:4      | 3111 ||| FLEEEEING.
  3112 | D:4      | 3112 ||| FLEEEEING.
  3114 | D:4      | 3114 ||| FLEEEEING.
  3308 | D:5      | Entered Level 5 of the Dungeon
  3315 | D:5      | Reached XP level 6. HP: 38/38 MP: 6/6
  3326 | D:5      | 3326 ||| FLEEEEING.
  3327 | D:5      | 3327 ||| FLEEEEING.
  3328 | D:5      | 3328 ||| STAIRDANCE
  3395 | D:5      | Reached skill level 7 in Ranged Weapons
  3395 | D:5      | 3395 ||| STAIRDANCE
  3463 | D:5      | 3463 ||| Stepping ~*~*~tactically~*~*~ (retreating).
  3471 | D:5      | HP: 8/38 [gnoll/+0 halberd[a gnoll bouda] (6)]
  3476 | D:5      | Slain by a gnoll bouda

Levels and vault maps discovered:
D:1:      dpeg_arrival_water_fire, layout_loops_ring, serial_shops,
          nicolae_lakefront_shop
D:2:      layout_basic, uniq_natasha, uniq_jessica
D:3:      layout_basic, guppyfry_early_lair_pool
D:4:      layout_basic, nicolae_ru_sacrificial_ziggurat, bh_walls_and_bars
D:5:      layout_basic, pdpol_wu_jian_five_deadly_venoms, jmf_multi_god_temple2,
          minmay_temple_entry_large_hall, uniq_pikel

Skill      XL: |  1  2  3  4  5  6 |
---------------+-------------------+-----
Ranged Weapons | 5 6 7 |  7.0
Armour         | 1 |  1.1
Fighting       | 3 4 |  4.0
Dodging        | |  1.5
Stealth        | |  1.1

Action                     |  1- 3 |  4- 6 || total
---------------------------+-------+-------++-------
   Fire: Shortbow          |   126 |   207 ||   333
    Use: Scroll            |     3 |     7 ||    10
 Armour: Leather armour    |    14 |       ||    14
         Ring mail         |    33 |   130 ||   163
  Dodge: Dodged            |    43 |    94 ||   137

Table legend:
 A = Non-vault XP
 B = Vault XP
 C = Vault XP percentage of total XP
 D = Non-vault monster count
 E = Vault monster count
 F = Vault count percentage of total count
                 A         B        C        D         E       F
            +---------+---------+-------+---------+---------+-------
      Total |     469 |      70 |  13.0 |      80 |       2 |   2.4
            +---------+---------+-------+---------+---------+-------
        D:1 |      36 |       0 |   0.0 |      21 |       0 |   0.0
        D:2 |      67 |      70 |  51.1 |      26 |       2 |   7.1
        D:3 |      22 |       0 |   0.0 |      12 |       0 |   0.0
        D:4 |     111 |       0 |   0.0 |      18 |       0 |   0.0
        D:5 |     233 |       0 |   0.0 |       3 |       0 |   0.0
            +---------+---------+-------+---------+---------+-------
